 Dungeon Crawl Stone Soup version 0.26-a0-1053-gaff5f71418 (webtiles) character file.

Game seed: 7516687048577824165

5 vurker the Sneak (level 1, 0/13 HPs)
             Began as a Gnoll Enchanter on Dec 12, 2020.
             Slain by a frilled lizard (3 damage)
             ... on level 1 of the Dungeon.
             The game lasted 00:00:16 (254 turns).

vurker the Sneak (Gnoll Enchanter)                   Turns: 254, Time: 00:00:16

Health: 0/13       AC:  2    Str: 10    XL:     1   Next: 80%
Magic:  6/6        EV: 14    Int: 17    God:
Gold:   0          SH:  0    Dex: 15    Spells: 8/9 levels left

rFire    . . .     SeeInvis .   a - +1 dagger
rCold    . . .     Faith    .   (no shield)
rNeg     . . .     Spirit   .   b - +0 robe
rPois    .         Reflect  .   (no helmet)
rElec    .         Harm     .   (no cloak)
rCorr    .         Rampage  .   (no gloves)
Will     .....                  (no boots)
Stlth    +++.......             (no amulet)
HPRegen  0.04/turn              (no ring)
MPRegen  0.10/turn              (no ring)

@: no status effects
A: distributed training, fangs 1, strong nose
a: no special abilities


You were on level 1 of the Dungeon.
You visited 1 branch of the dungeon, and saw 1 of its levels.

Inventory:

Hand Weapons
 a - a +1 dagger (weapon)
Armour
 b - a +0 robe (worn)
Scrolls
 c - 2 scrolls of amnesia {unknown}


   Skills:
 + Level 0.1 Fighting
 + Level 2.4 Short Blades
 + Level 0.1 Long Blades
 + Level 0.1 Axes
 + Level 0.1 Maces & Flails
 + Level 0.1 Polearms
 + Level 0.1 Staves
 + Level 0.1 Slings
 + Level 0.1 Bows
 + Level 0.1 Crossbows
 + Level 0.1 Throwing
 + Level 0.1 Armour
 + Level 4.4 Dodging
 + Level 5.9 Stealth
 + Level 0.1 Shields
 + Level 0.1 Unarmed Combat
 + Level 4.9 Spellcasting
 + Level 0.1 Conjurations
 + Level 5.3 Hexes
 + Level 0.1 Summonings
 + Level 0.1 Necromancy
 + Level 0.1 Translocations
 + Level 0.1 Transmutations
 + Level 0.1 Fire Magic
 + Level 0.1 Ice Magic
 + Level 0.1 Air Magic
 + Level 0.1 Earth Magic
 + Level 0.1 Poison Magic
 + Level 0.2 Invocations
 + Level 0.1 Evocations


You had 8 spell levels left.
You knew the following spells:

 Your Spells              Type           Power        Failure   Level
a - Corona                Hex            ###....      1%          1

Your spell library contained the following spells:

 Spells                   Type           Power        Failure   Level
 Confusing Touch          Hex            ###.....     4%          3
 Tukima's Dance           Hex            ###.....     4%          3
 Ensorcelled Hibernation  Hex/Ice        ##....       7%          2
 Dazzling Flash           Conj/Hex       ##....       14%         3


Dungeon Overview and Level Annotations

Branches:
Dungeon (1/15)

Altars:


Innate Abilities, Weirdness & Mutations

Your experience applies equally to all skills.
You have very sharp teeth.
Your uncanny sense of smell can sniff out nearby items.


Message History

You impale the rat!!
You kill the rat!
No target in view!
You see here a rat corpse.
Found a stone staircase leading down.
A goblin comes into view. It is wielding a +0 club.
A goblin is nearby!
A goblin is nearby!
A goblin is nearby!
A kobold comes into view.
There is a stone staircase leading down here.
A frilled lizard comes into view.
The helpless goblin fails to defend itself.
You impale the goblin!!
You kill the goblin!
The kobold shouts!
The frilled lizard hisses angrily.
A bat comes into view.
You see here a +0 club.
You hit the kobold. The kobold hits you.
You hit the kobold but do no damage. The kobold closely misses you.
You closely miss the kobold. The kobold misses you.
You closely miss the kobold. Your bite misses the kobold. You hit the kobold.
The kobold hits you.
A kobold comes into view. It is wielding a +0 club.
The kobold shouts!
You hit the kobold but do no damage. The kobold misses you.
You hit the kobold but do no damage. The kobold hits you.
You barely miss the kobold. You bite the kobold, but do no damage.
The kobold misses you.
You hit the kobold.
You kill the kobold!
The bat closely misses you. The kobold closely misses you.
The frilled lizard bites you.
* * * LOW HITPOINT WARNING * * *
The bat misses you.
Found a stone staircase leading down.
The bat hits you.
* * * LOW HITPOINT WARNING * * *
You see here a +0 club.
You hit the bat.
You kill the bat!
You completely miss the frilled lizard. The frilled lizard barely misses you.
You closely miss the frilled lizard. Your bite misses the frilled lizard.
The frilled lizard bites you.
* * * LOW HITPOINT WARNING * * *
You completely miss the frilled lizard. You barely miss the frilled lizard.
Your bite misses the frilled lizard. The frilled lizard misses you.
You hit the frilled lizard. The frilled lizard bites you.
You die...

## #.# # .
.. ... #
..##.##..
##
......####
. .......
# #...# #
#K# ####
#l# ∆ ...#
#@# ##.#
#.# ##.#
#.# ##.#
##>#######
##.#
#.........
##.#
#..#######
.#
##.#####
#..# #..
##.#...#
#..# #.#
.....#.#
#..######
#.#


You could see a kobold and a frilled lizard.

Vanquished Creatures
  A giant cockroach (D:1)
  A goblin (D:1)
  A kobold (D:1)
  A bat (D:1)
  A rat (D:1)
5 creatures vanquished.

Notes
Turn   | Place    | Note
-------+----------+-------------------------------------------
     0 | D:1      | vurker the Gnoll Enchanter began the quest for the Orb.
     0 | D:1      | Reached XP level 1. HP: 13/13 MP: 6/6
   254 | D:1      | Slain by a frilled lizard

Illustrated notes

Levels and vault maps discovered:
D:1:      dpeg_arrival_radiant, layout_loops_ring

Action                   || total
-------------------------++-------
Melee: Dagger            ||    22
       Bite              ||     3
 Stab: Sleeping          ||     2
Armor: Robe              ||     1
Dodge: Dodged            ||    11

Table legend: (Time is in decaauts)
 A = Elapsed time spent in this place.
 B = Non-inter-level travel time spent in this place.
 C = Inter-level travel time spent in this place.
 D = Time resting spent in this place.
 E = Time spent auto-exploring this place.
 F = Levels seen in this place.
 G = Mean time per level.
                   A        B        C        D        E       F      G
               +--------+--------+--------+--------+--------+-----+--------+
         Total |    251 |    251 |      0 |      0 |    212 |   1 |  251.0 |
       Dungeon |    251 |    251 |      0 |      0 |    212 |   1 |  251.0 |
               +--------+--------+--------+--------+--------+-----+--------+

Top non-repeatable levels by time:
     D:1: 251 daAuts
